 Dungeon Crawl Stone Soup version 0.23.1 (webtiles) character file.

Game seed: 8689592134337647394

58 Borgoz the Sneak (level 4, -2/35 HPs)
             Began as a Ghoul Enchanter on Mar 10, 2019.
             Slain by a gnoll
             ... wielding a +0 whip
              (4 damage)
             ... on level 1 of the Dungeon.
             The game lasted 00:01:50 (970 turns).

Borgoz the Sneak (Ghoul Enchanter)                   Turns: 970, Time: 00:01:50

Health: -2/35      AC:  3    Str: 11    XL:     4   Next: 2%
Magic:  4/6        EV: 12    Int: 10    God:
Gold:   50         SH:  0    Dex: 10    Spells: 4/7 levels left

rFire    . . .     SeeInvis .   a - +1 dagger
rCold    + . .     Gourm    .   (no shield)
rNeg     + + +     Faith    .   b - +0 robe
rPois    ∞         Spirit   .   g - +0 helmet
rElec    .         Reflect  .   (no cloak)
rCorr    .         Harm     .   (no gloves)
MR       .....                  (no boots)
Stlth    ++........             (no amulet)
HPRegen  0.00/turn              (no ring)
MPRegen  0.10/turn              (no ring)

@: rotting
A: rotting body, claws 1, carnivore, cold resistance 1, negative energy
resistance 3, inhibited regeneration, torment resistance, unbreathing
a: no special abilities


You were on level 1 of the Dungeon.
You were not hungry.

You visited 1 branch of the dungeon, and saw 2 of its levels.

You collected 50 gold pieces.

Inventory:

Hand Weapons
 a - a +1 dagger (weapon)
Armour
 b - a +0 robe (worn)
 g - a +0 helmet (worn)
Scrolls
 c - 2 scrolls of fog {unknown}
 f - a scroll of amnesia {unknown}
Potions
 e - a potion of berserk rage {unknown}
 h - a potion of heal wounds {unknown}
Comestibles
 d - 3 rations
 i - 2 chunks of flesh


   Skills:
 + Level 1.0 Fighting
 * Level 1.9 Short Blades
 + Level 0.6 Armour
 + Level 2.1 Dodging
 + Level 3.6 Stealth
 + Level 2.0 Spellcasting
 + Level 2.6 Hexes


You had 4 spell levels left.
You knew the following spells:

 Your Spells              Type           Power        Failure   Level  Hunger
a - Corona                Hex            #......      11%         1    ##.....
b - Ensorcelled Hibernat  Hex/Ice        #.....       26%         2    ###....

Your spell library contained the following spells:

 Spells                   Type           Power        Failure   Level  Hunger
 Confuse                  Hex            #.......     30%         3    ####...
 Tukima's Dance           Hex            #.......     30%         3    ####...
 Dazzling Spray           Conj/Hex       #.....       47%         3    ####...


Dungeon Overview and Level Annotations

Branches:
Dungeon (2/15)

Altars:


Innate Abilities, Weirdness & Mutations

Your body is rotting away.
You thrive on raw meat.
You are immune to poison.
You have sharp fingernails.
You are carnivorous and can eat meat at any time.
Your flesh is cold resistant. (rC+)
You are immune to negative energy. (rN+++)
You do not regenerate when monsters are visible.
You are immune to unholy pain and torment.
You can survive without breathing.


Message History

The gnoll looks drowsy...
The helpless gnoll fails to defend itself.
You puncture the gnoll!
The gnoll is severely wounded.
The gnoll hits you with a +0 whip. The worm barely misses you.
You closely miss the gnoll.
The gnoll is severely wounded.
The gnoll misses you. The worm bites you but does no damage.
You hit the gnoll but do no damage.
The gnoll is severely wounded.
The gnoll hits you with a +0 whip.
* * * LOW HITPOINT WARNING * * *
You closely miss the gnoll.
The gnoll is severely wounded.
The gnoll closely misses you. The worm bites you!
* * * LOW HITPOINT WARNING * * *
You hit the gnoll.
The gnoll is almost dead.
The gnoll hits you with a +0 whip.
You die...

####.##...............
#...###)##(###........
#..##.###.#...........
##...).##.......#######
##.######........##
#............)....#
#######...#.......######
#w#.#............#
#@g..............'
#####....##......#
#....##......#
#....##...>..#
###....##......#
#..(...........#
#...............
#...(...........
#...............


You could see a worm and a gnoll.

Vanquished Creatures
  2 gnolls
  3 oozes (D:1)
  A giant cockroach (D:1)
  5 hobgoblins (D:1)
  4 kobolds (D:1)
  4 bats (D:1)
  2 frilled lizards (D:1)
  4 goblins (D:1)
  2 rats (D:1)
27 creatures vanquished.

Notes
Turn   | Place    | Note
-------+----------+-------------------------------------------
     0 | D:1      | Borgoz the Ghoul Enchanter began the quest for the Orb.
     0 | D:1      | Reached XP level 1. HP: 14/14 MP: 2/2
    30 | D:1      | Reached skill level 1 in Short Blades
    38 | D:1      | Reached XP level 2. HP: 16/20 MP: 3/3
   336 | D:1      | Learned a level 2 spell: Ensorcelled Hibernation
   496 | D:1      | Reached XP level 3. HP: 10/27 MP: 4/4
   906 | D:1      | Reached skill level 1 in Fighting
   906 | D:1      | Reached XP level 4. HP: 35/35 MP: 0/6
   970 | D:1      | Slain by a gnoll

Skill      XL: |  1  2  3 |
---------------+----------+-----
Short Blades   | 1 |  1.9
Dodging        | 2 |  2.1
Spellcasting   | 2 |  2.0
Fighting       | 1 |  1.0
Armour         | |  0.6
Stealth        | |  3.6
Hexes          | |  2.6

Action                   |  1- 3 |  4- 6 || total
-------------------------+-------+-------++-------
Melee: Dagger            |   119 |     5 ||   124
 Cast: Ensorcelled Hiber |     2 |     1 ||     3
  Use: Potion            |     1 |       ||     1
 Stab: Sleeping          |     5 |     1 ||     6
  Eat: Chunk             |     5 |       ||     5
Armor: Robe              |    26 |     1 ||    27
Dodge: Dodged            |    81 |     5 ||    86
